 Dungeon Crawl Stone Soup version 0.30.1-9-gdf580d7c3d (webtiles) character file.

Game seed: 12259972112022912208

266 lonewolfV2 the Shield-Bearer (level 6, -11/48 HPs)
             Began as a Formicid Fighter on Oct 12, 2023.
             Was an Initiate of Gozag.
             Mangled by an ogre
             ... wielding a +0 giant spiked club
              (21 damage)
             ... on level 4 of the Dungeon.
             The game lasted 00:04:37 (3092 turns).

lonewolfV2 the Shield-Bearer (Formicid Fighter)     Turns: 3092, Time: 00:04:38

Health: -11/48     AC:  7    Str: 20    XL:     6   Next: 44%
Magic:  6/6        EV:  9    Int:  8    God:    Gozag
Gold:   281        SH:  6    Dex: 17    Spells: 5/5 levels left

rFire   . . .        a - +1 war axe
rCold   + . .        c - +1 buckler
rNeg    + . .        b - +0 scale mail
rPois   +            (helmet unavailable)
rElec   .            (no cloak)
rCorr   .            (no gloves)
SInv    +            (no boots)
Will    .....        (no amulet)
Stlth   +            g - ring "Tutaun" {rPois rC+ rN+ Dex+2}
HPRegen 0.28/turn    (no ring)
MPRegen 0.10/turn

%: no passive effects
@: no status effects
A: permanent stasis, dig shafts and tunnels, antennae 3, four strong arms
a: Dig, Shaft Self, Renounce Religion, Potion Petition, Call Merchant, Bribe
Branch


You were on level 4 of the Dungeon.
You worshipped Gozag.
Gozag was aware of your devotion.
You visited 1 branch of the dungeon, and saw 4 of its levels.

You collected 340 gold pieces.
You paid 59 gold pieces to Gozag.

Inventory:

Hand Weapons
 a - a +1 war axe (weapon)
Missiles
 o - 2 throwing nets
Armour
 b - a +0 scale mail (worn)
 c - a +1 buckler (worn)
Jewellery
 g - the ring "Tutaun" (left hand) {rPois rC+ rN+ Dex+2}
   (You found it on level 3 of the Dungeon)

   [ring of poison resistance]

   Dex:       It affects your dexterity (+2).
   rC:        It protects you from cold.
   rPois:     It protects you from poison.
   rN:        It protects you from negative energy.
Scrolls
 h - 2 scrolls of magic mapping
 l - a scroll of acquirement {unknown}
 m - a scroll of immolation {unknown}
 n - a scroll of fog {unknown}
Potions
 d - 2 potions of might
 e - 2 potions of curing
 f - a potion of haste
 i - a potion of heal wounds {unknown}
 j - a potion of degeneration {unknown}
 k - a potion of resistance {unknown}


   Skills:
 + Level 4.1 Fighting
 + Level 4.3 Axes
 + Level 4.5 Armour
 + Level 0.8 Dodging
 + Level 1.0 Stealth
 + Level 4.8 Shields


You had 5 spell levels left.
You didn't know any spells.
Your spell library contained the following spells:

 Spells                   Type           Power      Damage    Failure   Level
 Ensorcelled Hibernation  Hex/Ice        0%         N/A       91%         2
 Ozocubu's Armour         Ice            0%         N/A       99%         3
 Spider Form              Tmut/Pois      0%         N/A       99%         3
 Anguish                  Hex/Necr       0%         N/A       100%        4
 Ozocubu's Refrigeration  Ice            0%         4d7       100%        7


Dungeon Overview and Level Annotations

Branches:
Dungeon (4/15)
 Temple: D:4-7

Altars:
Gozag
Vehumet

Shops:
D:3 :

Annotations:
D:4 exclusion: statue


Innate Abilities, Weirdness & Mutations

You cannot be hasted, slowed, berserked, paralysed or teleported.
You can dig through walls and to a lower floor.
You have a pair of large antennae on your head. (SInv)
Your four strong arms can wield two-handed weapons with a shield.


Message History

An endoplasm is nearby!
The endoplasm barely misses you. The endoplasm freezes you.
You are frozen.
You resist.
You hit the endoplasm.
The endoplasm is heavily wounded.
You block the endoplasm's attack.
You barely miss the endoplasm.
The endoplasm is heavily wounded.
The endoplasm barely misses you.
You slash the endoplasm!
You kill the endoplasm!
You now have 281 gold pieces (gained 7).
An ogre comes into view. It is wielding a +0 giant spiked club.
An ogre is nearby!
An ogre is nearby!
An ogre is nearby!
You hit the ogre.
The ogre is lightly wounded.
The ogre hits you with a +0 giant spiked club!!
You hit the ogre but do no damage.
The ogre is lightly wounded.
The ogre hits you with a +0 giant spiked club.
You barely miss the ogre.
The ogre is lightly wounded.
The ogre barely misses you.
You slash the ogre!
The ogre is heavily wounded.
You barely miss the ogre.
The ogre is heavily wounded.
You block the ogre's attack.
You slash the ogre!
The ogre is severely wounded.
The ogre hits you with a +0 giant spiked club!
* * * LOW HITPOINT WARNING * * *
You closely miss the ogre.
The ogre is severely wounded.
The ogre hits you with a +0 giant spiked club!!
You die...
Your body crumbles into a pile of gold.

................!.#
..........##......
..................
...............$..
.#.........###...
##.......## #...
##.....###.....
.....##O.#.......
..... ##@....#
..... #.....# ....
#..#...... ...
...#...... ..##.
..... ..# .......
... ##..... ....
##### ....


You could see an ogre.

Vanquished Creatures
  A howler monkey (D:4)
  A hound (D:4)
  A sleepcap (D:4)
  Jessica (D:2)
  Robin (D:2)
  4 adders
  2 worms
  2 dart slugs
  2 orcs
  A bat (D:1)
  7 endoplasms
  7 giant cockroaches
  14 goblins
  8 hobgoblins
  3 jackals (D:2)
  5 quokkas
  11 ball pythons
  3 frilled lizards (D:1)
  4 kobolds
  4 rats
82 creatures vanquished.

Notes
Turn   | Place    | Note
-------+----------+-------------------------------------------
     0 | D:1      | lonewolfV2 the Formicid Fighter began the quest for the
                  | Orb.
     0 | D:1      | Reached XP level 1. HP: 18/18 MP: 1/1
   285 | D:1      | Reached XP level 2. HP: 24/24 MP: 2/2
   863 | D:1      | Reached XP level 3. HP: 28/29 MP: 3/3
   900 | D:2      | Found a radiant altar of Vehumet.
  1031 | D:2      | Noticed Jessica
  1034 | D:2      | Killed Jessica
  1035 | D:2      | Reached XP level 4. HP: 37/37 MP: 4/4
  1104 | D:2      | Noticed Robin
  1127 | D:2      | Killed Robin
  1367 | D:2      | Found a faded altar of an unknown god.
  1507 | D:2      | Reached XP level 5. HP: 41/42 MP: 5/5
  2132 | D:3      | Identified the ring "Tutaun" {rPois rC+ rN+ Dex+2}
  2330 | D:3      | Found Irghuefumy's Book Emporium.
  2777 | D:3      | Found an opulent altar of Gozag.
  2805 | D:3      | Became a worshipper of Gozag Ym Sagoz the Greedy
  2848 | D:4      | Reached skill level 1 in Stealth
  2940 | D:4      | Found a radiant altar of Vehumet.
  2940 | D:4      | Noticed a charred statue
  2963 | D:4      | Reached XP level 6. HP: 46/48 MP: 6/6
  3084 | D:4      | Noticed an ogre
  3092 | D:4      | Mangled by an ogre

Illustrated notes

Levels and vault maps discovered:
D:1:      denvon_arrival_planthouse, layout_basic, minmay_misc_feat_plants
D:2:      layout_loops_ring, serial_co_window_serial, co_window_corner_a,
          co_window_of_opportunity_a, co_window_paths_b, co_window_paths_a,
          co_window_corner_a, co_window_paths_b, co_window_corner_ca,
          co_window_corner_cb, co_window_corner_cb, co_window_unsneaky_path_c,
          co_window_of_opportunity_b, glass_columns_b, glass_columns_a,
          hellmonk_ecumenical_altar_inner_sanctum, basic_altar, st_stairs_12,
          uniq_robin, uniq_jessica
D:3:      layout_basic, grunt_gozag_statues, serial_shops, shop
D:4:      layout_cave_pools, vehumet_statue, minmay_temple_entry_stoned_glass,
          minmay_misc_feat_rugged

Skill      XL: |  1  2  3  4  5  6 |
---------------+-------------------+-----
Armour         | 4 |  4.5
Axes           | 3 4 |  4.3
Fighting       | 4 |  4.1
Stealth        | 1 |  1.0
Dodging        | |  0.8
Shields        | |  4.8

Action                     |  1- 3 |  4- 6 || total
---------------------------+-------+-------++-------
  Melee: War axe           |    72 |   158 ||   230
    Use: Scroll            |       |     9 ||     9
 Armour: Scale mail        |    47 |    67 ||   114
  Dodge: Dodged            |    35 |    92 ||   127
  Block: Buckler           |    27 |    50 ||    77
